 Dungeon Crawl Stone Soup version 0.21.0 (webtiles) character file.

12639 Fuzzwah the Cleaver (level 11, -2/90 HPs)
             Began as a Minotaur Berserker on Jan 11, 2018.
             Was a High Priest of Trog.
             Slain by a cyan ugly thing (14 damage)
             ... while paralysed
             ... on level 12 of the Dungeon.
             The game lasted 00:29:02 (10620 turns).

Fuzzwah the Cleaver (Minotaur Berserker)           Turns: 10620, Time: 00:29:03

Health: -2/90      AC: 18    Str: 21    XL:     11   Next: 65%
Magic:  3/3        EV:  2    Int:  4    God:    Trog [*****.]
Gold:   800        SH:  0    Dex: 14    Spells: 10/10 levels left

rFire    + . .     SeeInvis .   u - +1 glaive (antimagic)
rCold    x . .     Gourm    .   (shield currently unavailable)
rNeg     . . .     Faith    .   b - +2 chain mail {rPois}
rPois    +         Spirit   .   I - +1 hat {MR+}
rElec    .         Reflect  .   H - +2 cloak {rPois}
rCorr    .         Harm     +   (no gloves)
MR       +....     Clarity  +   (no boots)
Stlth    ..........             f - amulet of harm
HPRegen  0.25/turn              (no ring)
MPRegen  0.08/turn              q - ring of fire

@: paralysed, berserk cooldown, very slightly contaminated, fainting, slowed
A: retaliatory headbutt, horns 2, clarity, frail 1
a: Berserk, Trog's Hand, Brothers in Arms, Burn Spellbooks, Renounce Religion


You were on level 12 of the Dungeon.
You worshipped Trog.
Trog was extremely pleased with you.
You were fainting.

You visited 1 branch of the dungeon, and saw 12 of its levels.
You also visited: Ossuary.

You collected 884 gold pieces.
You spent 84 gold pieces at shops.

Inventory:

Hand Weapons
 l - a +0 war axe
   (You found it on level 2 of the Dungeon)
 u - a +1 antimagic glaive (weapon)
   (Trog gifted it to you on level 10 of the Dungeon)
Missiles
 C - a throwing net (quivered) {!f}
Armour
 b - a +2 chain mail of poison resistance (worn)
   (You found it on level 5 of the Dungeon)
 H - a +2 cloak of poison resistance (worn)
   (You took it off Crazy Yiuf on level 6 of the Dungeon)
 I - a +1 hat of magic resistance (worn)
   (You took it off Gastronok on level 9 of the Dungeon)
Jewellery
 f - an amulet of harm (around neck)
   (You found it on level 1 of the Dungeon)
 o - an uncursed ring of teleportation
   (You found it on level 4 of the Dungeon)
 q - a ring of fire (right hand)
   (You found it on level 4 of the Dungeon)
 A - an uncursed amulet of magic regeneration
   (You found it on level 7 of the Dungeon)
 J - an uncursed amulet of the gourmand
   (You found it on level 1 of the Dungeon)
Wands
 d - a wand of iceblast (6)
   (You found it on level 9 of the Dungeon)
 v - a wand of digging (16)
   (You found it on level 4 of the Dungeon)
 w - a wand of enslavement (12)
   (You found it on level 6 of the Dungeon)
 x - a wand of acid (8)
   (You found it on level 8 of the Dungeon)
 y - a wand of clouds (5)
   (You found it on level 7 of the Dungeon)
Scrolls
 e - 2 scrolls of enchant weapon
 g - 6 scrolls of teleportation {@r4}
 h - 4 scrolls of remove curse {@r2}
 i - 3 scrolls of fog
 n - a scroll of blinking
 p - 2 scrolls of immolation {!r}
 K - a scroll of brand weapon
Potions
 c - 4 potions of curing {@q1}
 j - 2 potions of cancellation
 k - 4 potions of heal wounds {@q2}
 m - a potion of haste {unknown}
 r - 2 potions of degeneration {unknown}
 s - a potion of resistance {unknown}
 t - a potion of invisibility {unknown}
 B - a potion of flight {unknown}
 D - a potion of brilliance {unknown}
 E - a potion of agility {unknown}
 F - 3 potions of ambrosia
 L - a potion of might
Books
 a - a book of Flames
   (You found it on level 10 of the Dungeon)
Miscellaneous
 G - a sack of spiders
Comestibles
 z - 20 rations


   Skills:
 + Level 10.7 Fighting
 * Level 14.1 Axes
 + Level 10.3 Armour
 + Level 9.5 Dodging


You had 10 spell levels left.
You didn't know any spells.

Dungeon Overview and Level Annotations

Branches:
Dungeon (12/15)            Temple (0/1) D:5            Lair (0/6) D:10
    Orc (0/2) D:10

Altars:
Okawaru
Yredelemnul
The Shining One

Shops:
D:6 (   D:10 ?


Innate Abilities, Weirdness & Mutations

You reflexively headbutt those who attack you in melee.
You have a pair of horns on your head.
You possess an exceptional clarity of mind.
You are frail. (-10% HP)


Message History

The hippogriff pecks you but does no damage.
The hippogriff barely misses you.
The crimson imp hits you but does no damage.
The cyan ugly thing pecks you but does no damage.
The hippogriff barely misses you. The hippogriff misses you.
The hippogriff barely misses you.
The crimson imp picks up a beetle and eats it.
The crimson imp hits you but does no damage.
The cyan ugly thing barely misses you.
You barely miss the cyan ugly thing. You headbutt the cyan ugly thing!
The hippogriff barely misses you. You furiously retaliate!
You headbutt the hippogriff, but do no damage.
The hippogriff pecks you but does no damage.
The hippogriff misses you. The crimson imp barely misses you.
The cyan ugly thing pecks you.
* * * LOW HITPOINT WARNING * * *
The cyan ugly thing shocks you!
* * * LOW HITPOINT WARNING * * *
The hippogriff bites you.
* * * LOW HITPOINT WARNING * * *
The hippogriff pecks you but does no damage.
The hippogriff claws you but does no damage.
The crimson imp misses you. You furiously retaliate!
You headbutt the crimson imp, but do no damage.
The cyan ugly thing pecks you but does no damage.
Blink to where?
You are very lightly contaminated with residual magic.
As you read the scroll of blinking, it crumbles to dust.
The crimson imp shouts, "Accept thy fall, thou mewling nut-hook cretin!"
The crimson imp blinks!
The crimson imp barely misses you. You furiously retaliate!
You headbutt the crimson imp, but do no damage.
You closely miss the crimson imp. The crimson imp misses you.
You furiously retaliate!
You headbutt the crimson imp, but do no damage.
You closely miss the crimson imp.
You lose consciousness!
The crimson imp puffs mist at you.
The crimson imp hits you but does no damage. x2
The cyan ugly thing pecks you but does no damage.
The hippogriff bites you.
* * * LOW HITPOINT WARNING * * *
The hippogriff pecks you but does no damage.
The hippogriff claws you.
* * * LOW HITPOINT WARNING * * *
The crimson imp hits you but does no damage.
The cyan ugly thing pecks you.
* * * LOW HITPOINT WARNING * * *
The cyan ugly thing shocks you!
You die...

#################################
...............u@5...............
....[§†........H...########......
...#######.#######.# #.##### ...#
#.# #.# #.# ...# #.# #.# #.# ...#
#.# #.# #.# ..F# #.# #.# #.# ...#
#.# #.# #.# ...# #.# #.# #.#


You could see a cyan ugly thing, a hippogriff and a crimson imp.

Vanquished Creatures
  Gastronok (D:9)
  A hydra (D:11)
  Erica (D:9)
  2 two-headed ogres
  An unseen horror (D:10)
  An ugly thing (D:12)
  2 trolls
  3 slime creatures (D:12)
  A hippogriff (D:8)
  11 yaks (D:11)
  A hungry ghost (D:12)
  A water moccasin (D:11)
  3 orc warriors
  3 sky beasts
  3 ice beasts
  3 necrophages
  A phantom (D:10)
  8 ogres
  A centaur (D:10)
  A crocodile (D:11)
  5 bullfrogs
  2 scorpions
  3 killer bees (D:8)
  3 wights (D:9)
  An electric eel (D:10)
  4 crimson imps
  A centaur zombie (D:9)
  A quasit (D:6)
  3 centaur skeletons
  2 jellies
  8 hounds
  Crazy Yiuf (D:6)
  4 orc priests
  3 iguanas (D:8)
  12 orc wizards
  3 worker ants
  A big kobold zombie (Ossuary)
  A hound skeleton (D:6)
  8 mummies (Ossuary)
  3 worker ant zombies
  Robin (D:4)
  5 gnolls
  A howler monkey skeleton (D:6)
  15 adders
  4 shadow imps
  An ooze (D:2)
  An adder skeleton (D:7)
  A worm (D:4)
  A dart slug (D:2)
  6 leopard geckos
  61 orcs
  2 ball pythons (D:1)
  3 giant cockroaches
  2 gnoll zombies (Ossuary)
  20 goblins
  8 hobgoblins
  9 jackals
  2 quokkas (D:8)
  14 bats
  2 frilled lizards
  6 kobolds
  2 kobold zombies (Ossuary)
  3 orc zombies (Ossuary)
  A quokka zombie (D:6)
  5 rats
294 creatures vanquished.

Notes
Turn   | Place    | Note
-------+----------+-------------------------------------------
     0 | D:1      | Fuzzwah the Minotaur Berserker began the quest for the Orb.
     0 | D:1      | Reached XP level 1. HP: 19/19 MP: 0/0
    41 | D:1      | HP: 1/20 [gnoll/flail (12)]
    48 | D:1      | Reached skill level 4 in Axes
    48 | D:1      | Reached XP level 2. HP: 2/27 MP: 1/1
   762 | D:1      | Reached XP level 3. HP: 31/33 MP: 2/2
   874 | D:1      | Reached ** piety under Trog
  1501 | D:2      | Reached XP level 4. HP: 40/40 MP: 3/3
  1973 | D:2      | Reached skill level 5 in Axes
  3126 | D:4      | Reached XP level 5. HP: 47/47 MP: 4/4
  3209 | D:4      | Noticed Robin
  3210 | D:4      | Reached *** piety under Trog
  3213 | D:4      | Killed Robin
  3294 | D:4      | Noticed an ogre
  3301 | D:4      | Killed an ogre
  3301 | D:4      | Reached skill level 5 in Fighting
  3301 | D:4      | Reached XP level 6. HP: 56/56 MP: 5/5
  3444 | D:4      | Reached skill level 6 in Axes
  3797 | D:5      | Entered Level 5 of the Dungeon
  3990 | D:5      | Reached XP level 7. HP: 61/61 MP: 6/6
  4191 | D:5      | Found a staircase to the Ecumenical Temple.
  4482 | D:6      | Reached skill level 7 in Axes
  4521 | D:6      | Found Erhop's Antique Weapon Boutique.
  4526 | D:6      | Reached **** piety under Trog
  4637 | D:6      | Reached skill level 5 in Armour
  4688 | D:6      | Found a runed door.
  4720 | D:6      | Found a sand-covered staircase.
  4740 | Ossuary  | Entered an ossuary
  4780 | Ossuary  | Reached XP level 8. HP: 49/69 MP: 7/7
  5535 | D:6      | Noticed Crazy Yiuf
  5538 | D:6      | Killed Crazy Yiuf
  5538 | D:6      | Reached skill level 8 in Axes
  5577 | D:7      | Reached skill level 5 in Dodging
  6008 | D:7      | Reached ***** piety under Trog
  6012 | D:7      | Reached skill level 9 in Axes
  6399 | D:8      | Reached XP level 9. HP: 76/78 MP: 8/8
  6578 | D:8      | Reached skill level 10 in Axes
  6677 | D:9      | Noticed Gastronok
  6677 | D:9      | Noticed a two-headed ogre
  6690 | D:9      | Killed Gastronok
  6690 | D:9      | Reached skill level 11 in Axes
  6690 | D:9      | Reached XP level 10. HP: 44/89 MP: 9/9
  6692 | D:9      | HP: 6/133 [two-headed ogre/giant spiked club (4)]
  6694 | D:9      | Killed a two-headed ogre
  7014 | D:9      | Found an iron altar of Okawaru.
  7464 | D:9      | Found a basalt altar of Yredelemnul.
  7531 | D:9      | Noticed Erica
  7543 | D:9      | Killed Erica
  7543 | D:9      | Reached skill level 12 in Axes
  7865 | D:10     | Entered Level 10 of the Dungeon
  8113 | D:10     | Killed an unseen horror
  8305 | D:10     | Found Zioss's Magic Scroll Emporium.
  8326 | D:10     | Bought a scroll of identify for 28 gold pieces
  8326 | D:10     | Bought a scroll of identify for 28 gold pieces
  8326 | D:10     | Bought a scroll of identify for 28 gold pieces
  8464 | D:10     | Found a staircase to the Orcish Mines.
  8596 | D:10     | Found a staircase to the Lair.
  8612 | D:10     | Received a gift from Trog
  9160 | D:11     | Reached skill level 13 in Axes
  9160 | D:11     | Reached XP level 11. HP: 79/98 MP: 3/10
  9343 | D:11     | Noticed a two-headed ogre
  9350 | D:11     | Killed a two-headed ogre
  9350 | D:11     | Reached skill level 10 in Fighting
  9560 | D:11     | Gained mutation: You are frail. (-10% HP) [potion of mutation]
  9560 | D:11     | Gained mutation: You possess an exceptional clarity of mind. [potion of mutation]
  9979 | D:11     | Noticed a five-headed hydra
  9993 | D:11     | Killed an eight-headed hydra
  9993 | D:11     | Reached skill level 10 in Armour
 10300 | D:11     | Found a glowing golden altar of the Shining One.
 10463 | D:12     | Noticed a purple ugly thing
 10470 | D:12     | Killed a purple ugly thing
 10599 | D:12     | Reached skill level 14 in Axes
 10604 | D:12     | Noticed a cyan ugly thing
 10619 | D:12     | Paralysed by fainting for 10 turns
 10620 | D:12     | Slain by a cyan ugly thing

Skill      XL: |  1  2  3  4  5  6  7  8  9 10 11 |
---------------+----------------------------------+-----
Axes           | 4 5 6 7 9 11 13 14 | 14.1
Fighting       | 4 5 6 7 8 9 10 | 10.7
Armour         | 3 4 5 6 8 9 10 | 10.3
Dodging        | 3 4 6 7 8 9 |  9.5

Action                   |  1- 3 |  4- 6 |  7- 9 | 10-12 || total
-------------------------+-------+-------+-------+-------++-------
Melee: Hand axe          |    62 |    34 |       |       ||    96
       Headbutt          |    10 |    27 |    55 |    58 ||   150
       War axe           |       |   101 |   206 |   134 ||   441
       Glaive            |       |       |       |   133 ||   133
Invok: Berserk           |     1 |     2 |     2 |     7 ||    12
  Use: Potion            |     1 |       |       |     2 ||     3
       Scroll            |     2 |     7 |     5 |    11 ||    25
 Stab: Sleeping          |     2 |       |       |       ||     2
  Eat: Chunk             |     9 |     5 |    23 |     8 ||    45
       Ration            |       |       |     1 |     1 ||     2
Armor: Animal skin       |    13 |    12 |       |       ||    25
       Scale mail        |       |    16 |       |       ||    16
       Chain mail        |       |     1 |   108 |   140 ||   249
Dodge: Dodged            |    50 |    90 |   116 |   176 ||   432
